 Dungeon Crawl Stone Soup version 0.27-a0-320-g81d27af2d4 (webtiles) character file.

Game seed: 10603666348061914322

2522 LufLufFighter the Transmogrifier (level 9, -6/96 HPs)
             Began as a Merfolk Transmuter on Feb 10, 2021.
             Was an Initiate of Gozag.
             Mangled by a two-headed ogre
             ... wielding a +0 giant club
              (9 damage)
             ... on level 7 of the Dungeon.
             The game lasted 00:18:11 (12489 turns).

LufLufFighter the Transmogrifier (MfTm)            Turns: 12489, Time: 00:18:13

Health: -6/96      AC: 24    Str: 14    XL:     9   Next: 54%
Magic:  9/16       EV:  2    Int: 10    God:    Gozag
Gold:   800        SH:  0    Dex: 14    Spells: 5/20 levels left

rFire    . . .     SeeInvis .     - Unarmed
rCold    . . .     Faith    .   (no shield)
rNeg     + + +     Spirit   .   (armour currently unavailable)
rPois    +         Reflect  .   (helmet currently unavailable)
rElec    .         Harm     .   (cloak currently unavailable)
rCorr    .         Rampage  .   (gloves currently unavailable)
Will     .....     NoTele   +   (boots currently unavailable)
Stlth    +.........             (no amulet)
HPRegen  0.26/turn              (no ring)
MPRegen  0.15/turn              (no ring)

@: mighty, tree-form, gold aura
A: (change form in water), (swift swim), (stealthy swim), dopey 1, frail 1, low
mp 1
a: Renounce Religion, Potion Petition, Call Merchant, Bribe Branch


You were on level 7 of the Dungeon.
You worshipped Gozag.
Gozag was pleased with you.
You were a tree.
You visited 2 branches of the dungeon, and saw 8 of its levels.

You collected 854 gold pieces.
You paid 54 gold pieces to Gozag.

Inventory:

Armour
 a - a +1 robe (melded)
 m - a +1 hat (melded)
 n - a +1 pair of boots (melded)
 t - a +0 cloak (melded)
Jewellery
 e - a ring of magical power {unknown}
 x - a ring of ice {unknown}
 B - an amulet of regeneration {unknown}
Wands
 i - a wand of paralysis (7)
 l - a wand of acid (6)
 u - a wand of polymorph (14)
Scrolls
 c - a scroll of teleportation
 j - 4 scrolls of immolation
 p - a scroll of magic mapping
 q - a scroll of enchant weapon
 s - a scroll of fog
 y - a scroll of silence {unknown}
 z - a scroll of noise
 A - a scroll of fear
Potions
 b - 2 potions of flight
 d - a potion of brilliance {unknown}
 f - a potion of resistance {unknown}
 g - 3 potions of lignification
 o - a potion of berserk rage {unknown}
 r - a potion of curing {unknown}
 v - a potion of ambrosia {unknown}
 w - a potion of heal wounds
Miscellaneous
 C - a lightning rod (4/4)


   Skills:
 * Level 7.0 Fighting
 - Level 2.6 Dodging
 - Level 3.2 Unarmed Combat
 * Level 6.1 Spellcasting
 * Level 8.7 Transmutations
 - Level 4.9 Ice Magic
 - Level 4.0 Poison Magic


You had 5 spell levels left.
You knew the following spells:

 Your Spells              Type           Power        Failure   Level
a - Beastly Appendage     Tmut           40%          1%          1
b - Wereblood             Tmut           20%          1%          2
c - Spider Form           Tmut/Pois      7%           4%          3
d - Ice Form              Ice/Tmut       16%          12%         4
e - Blade Hands           Tmut           10%          16%         5

Your spell library contained the following spells:

 Spells                   Type           Power        Failure   Level


Dungeon Overview and Level Annotations

Branches:
Dungeon (7/15)             Temple (1/1) D:4

Altars:
Ashenzari
Cheibriados
Dithmenos
Elyvilon
Fedhas
Gozag
Kikubaaqudgha
Makhleb
Nemelex Xobeh
Okawaru
Qazlal
Ru
Sif Muna
Trog
Wu Jian
Xom
Yredelemnul
Zin

Annotations:
D:6 exclusion: slime creature


Innate Abilities, Weirdness & Mutations

((You revert to your normal form in water.))
((You are very nimble and swift while swimming.))
((You are very stealthy in the water. (Stealth+)))
((Armour fits poorly on your strangely shaped body.))
You are dopey. (Int -2)
You are frail. (-10% HP)
Your magical capacity is low. (-10% MP)


Message History

You slash the eye of draining!
The eye of draining is almost dead.
The eye of draining gazes at you.
You feel your power leaking away.
You hit the eye of draining.
The eye of draining is almost dead.
You slice the eye of draining!!
You kill the eye of draining!
Your Fighting skill increases to level 7!
You completely miss the two-headed ogre.
The two-headed ogre hits you with a +0 giant club!
The two-headed ogre closely misses you.
You are too injured to fight recklessly!
You are too injured to fight recklessly!
You are too injured to fight recklessly!
Your transformation is almost over.
Found a trident.
Really quaff the potion of lignification?
Your hands revert to their normal proportions.
You turn into a tree.
Your +0 cloak melds into your body.
Your +1 hat melds into your body.
Your +1 pair of boots melds into your body.
Your +1 robe melds into your body.
Your roots penetrate the ground.
The two-headed ogre hits you with a +0 giant club!
The two-headed ogre hits you with a +0 giant club.
You feel very mighty all of a sudden.
The two-headed ogre hits you with a +0 giant club!
* * * LOW HITPOINT WARNING * * *
The two-headed ogre hits you with a +0 giant club!
* * * LOW HITPOINT WARNING * * *
Unknown command.
You pummel the two-headed ogre!!
The two-headed ogre is moderately wounded.
You smack the two-headed ogre!
The two-headed ogre is severely wounded.
The two-headed ogre hits you with a +0 giant club!
* * * LOW HITPOINT WARNING * * *
The two-headed ogre hits you with a +0 giant club!
You die...
Your body crumbles into a pile of gold.

#.#.(.#.#.#..#.#
#..?⌠!.$##...#.#### #
#.#.?.#G#.#..(.....
#...##.##...#.)..#### $
##.#.....#.##........
#..###..##......###
##..#..##.......#<# ## #
#$###....#.#.#)# .#
#####O♣##..##...#)# #####.#
##..####.##..#...#.#
#...##.###.##..###.##.#...#.#
)###.##.#.#####.# )##.#...#.#
##Y##Y#.#.##..#.#
##.#...#.##### #.l.#.#..##
##.## ##...).>.......
##..#[#.##
#.#..##.#..##...####.
.###.##.# #.#####.#.###.###
#|.###.## ##..##.##.# #(#


You could see a two-headed ogre.

Vanquished Creatures
  A wraith (D:7)
  An orc warrior (D:6)
  A necrophage (D:7)
  An eye of draining (D:7)
  2 black bears
  2 sky beasts
  An ice beast (D:5)
  3 ogres
  2 centaurs
  A phantom (D:5)
  2 kobold brigands (D:5)
  2 bullfrogs (D:7)
  3 scorpions
  A howler monkey (D:5)
  A bullfrog skeleton (D:7)
  2 orc priests (D:6)
  2 hounds
  2 jellies
  2 iguanas
  5 worker ants
  3 orc wizards
  A hound skeleton (D:4)
  Robin (D:4)
  4 adders
  3 white imps
  2 oozes (D:6)
  An adder zombie (D:5)
  2 adder skeletons (D:5)
  8 worms
  3 dart slugs
  4 leopard geckos
  25 orcs
  4 giant cockroaches
  11 hobgoblins
  6 jackals (D:2)
  13 kobolds
  3 quokkas
  4 ball pythons
  13 bats
  6 frilled lizards
  13 goblins
  A leopard gecko skeleton (D:4)
  A quokka zombie (D:7)
  3 rats
172 creatures vanquished.

Vanquished Creatures (others)
  6 fungi (D:6)
  10 toadstools (D:6)
16 creatures vanquished.

Grand Total: 188 creatures vanquished

Notes
Turn   | Place    | Note
-------+----------+-------------------------------------------
     0 | D:1      | LufLufFighter the Merfolk Transmuter began the quest for
                  | the Orb.
     0 | D:1      | Reached XP level 1. HP: 15/15 MP: 3/3
   122 | D:1      | Reached skill level 3 in Transmutations
   140 | D:1      | Reached XP level 2. HP: 13/21 MP: 3/5
   146 | D:1      | Learned a level 2 spell: Wereblood
   759 | D:1      | Reached XP level 3. HP: 25/27 MP: 4/6
   766 | D:1      | Learned a level 3 spell: Spider Form
  1454 | D:2      | Reached skill level 1 in Poison Magic
  1462 | D:2      | HP: 1/27 [worm (11)]
  1468 | D:2      | Reached XP level 4. HP: 2/33 MP: 3/8
  1950 | D:2      | Found a shimmering altar of Xom.
  1950 | D:2      | Found a shimmering altar of Xom.
  2015 | D:2      | Found a shimmering altar of Xom.
  2015 | D:2      | Found a shimmering altar of Xom.
  2267 | D:2      | You fall into a shaft and drop 2 floors!
  2284 | D:4      | Reached skill level 4 in Transmutations
  2289 | D:4      | Reached XP level 5. HP: 40/40 MP: 4/9
  2294 | D:4      | Learned a level 4 spell: Ice Form
  2797 | D:3      | Found a faded altar of an unknown god.
  2982 | D:3      | Found a glowing silver altar of Zin.
  3489 | D:3      | Found an ornate altar of the Wu Jian Council.
  3496 | D:3      | Noticed a spectral centipede
  3496 | D:3      | Noticed a spectral black mamba
  3496 | D:3      | Noticed a spectral cane toad
  4842 | D:4      | Found a staircase to the Ecumenical Temple.
  4848 | D:4      | Reached skill level 1 in Ice Magic
  4848 | D:4      | Reached XP level 6. HP: 47/47 MP: 3/10
  4863 | Temple   | Entered the Ecumenical Temple
  5164 | Temple   | Became a worshipper of Gozag Ym Sagoz the Greedy
  5893 | D:4      | Reached skill level 5 in Transmutations
  5914 | D:4      | Noticed Robin
  5926 | D:4      | Killed Robin
  6386 | D:5      | Entered Level 5 of the Dungeon
  6452 | D:5      | Reached XP level 7. HP: 25/53 MP: 7/12
  7042 | D:5      | Found a shadowy altar of Dithmenos.
  7156 | D:5      | Found an iron altar of Okawaru.
  7591 | D:5      | Reached XP level 8. HP: 47/61 MP: 11/14
  7623 | D:5      | Reached skill level 6 in Transmutations
  7996 | D:5      | Learned a level 5 spell: Blade Hands
  8539 | D:5      | Reached skill level 5 in Fighting
  9606 | D:6      | Noticed a slime creature
  9748 | D:5      | Gained mutation: You are frail. (-10% HP) [mutagenic glow]
  9758 | D:5      | Gained mutation: Your magical capacity is low. (-10% MP)
                  | [mutagenic glow]
  9769 | D:5      | Gained mutation: Armour fits poorly on your strangely
                  | shaped body. [mutagenic glow]
  9797 | D:5      | Gained mutation: You are dopey. (Int -2) [mutagenic glow]
 10447 | D:6      | Reached skill level 5 in Spellcasting
 10447 | D:6      | Reached skill level 7 in Transmutations
 10762 | D:6      | Found a sparkling altar of Nemelex Xobeh.
 10970 | D:7      | Reached XP level 9. HP: 32/62 MP: 12/15
 11776 | D:7      | Reached skill level 8 in Transmutations
 11951 | D:7      | Noticed a two-headed ogre
 12489 | D:7      | HP: 3/96 [two-headed ogre/+0 giant club (11)]
 12489 | D:7      | Mangled by a two-headed ogre

Illustrated notes

Levels and vault maps discovered:
D:1:      minmay_arrival_semitransparent, layout_basic
D:2:      layout_basic, serial_curves, eino_curves_04, eino_curves_01,
          xom_redecorated
D:3:      layout_loops_ring, zin_statuary, pdpol_wu_jian_five_deadly_venoms,
          chequers_ecumenical_altar_simple_redux, grunt_decor_one_mirror
D:4:      layout_loops_ring, minmay_temple_entry_antechambers, uniq_robin
D:5:      layout_loops_ring, grunt_dithmenos_smoke_and_mirrors,
          grunt_ministairs_6, okawaru_gym_becter
D:6:      cheibrodos_fertilizer, layout_rooms, nemelex_xobeh_ov_fountains_minmay
D:7:      minmay_the_grid_octo_2x2 [minmay_the_grid_octo_teeth,
          minmay_the_grid_octo_focus, minmay_the_grid_octo_fan_narrow,
          minmay_the_grid_octo_prize_single_spiral], layout_basic,
          dancing_weapons_uskayaw, corexii_item_surrounded_by_moat
Temple:   minmay_temple_curvy_branch

Skill      XL: |  1  2  3  4  5  6  7  8  9 |
---------------+----------------------------+-----
Transmutations | 3 4 5 7 8 |  8.7
Fighting       | 2 3 4 5 7 |  7.0
Poison Magic   | 1 2 3 4 |  4.0
Spellcasting   | 3 4 5 6 |  6.1
Ice Magic      | 1 2 3 4 |  4.9
Dodging        | |  2.6
Unarmed Combat | |  3.2

Action                   |  1- 3 |  4- 6 |  7- 9 || total
-------------------------+-------+-------+-------++-------
Melee: Unarmed           |   117 |   229 |   244 ||   590
       Headbutt          |    10 |     3 |       ||    13
       Punch             |     1 |       |     2 ||     3
 Cast: Beastly Appendage |    23 |    18 |       ||    41
       Spider Form       |     1 |    29 |    12 ||    42
       Ice Form          |       |       |    15 ||    15
       Blade Hands       |       |       |    12 ||    12
       Wereblood         |       |       |     2 ||     2
  Use: Scroll            |       |     7 |     3 ||    10
       Potion            |       |     4 |     6 ||    10
 Stab: Sleeping          |     2 |     2 |       ||     4
Armor: Robe              |    27 |    14 |    18 ||    59
       Skin              |       |     5 |    27 ||    32
Dodge: Dodged            |    89 |   222 |   154 ||   465

Table legend: (Time is in decaauts)
 A = Elapsed time spent in this place.
 B = Non-inter-level travel time spent in this place.
 C = Inter-level travel time spent in this place.
 D = Time resting spent in this place.
 E = Time spent auto-exploring this place.
 F = Levels seen in this place.
 G = Mean time per level.
                   A        B        C        D        E       F      G
               +--------+--------+--------+--------+--------+-----+--------+
         Total |  12425 |  12168 |    257 |   3744 |   6894 |   8 | 1553.1 |
       Dungeon |  12090 |  11836 |    254 |   3744 |   6576 |   7 | 1727.1 |
        Temple |    335 |    332 |      3 |      0 |    318 |   1 |  335.0 |
               +--------+--------+--------+--------+--------+-----+--------+

Top non-repeatable levels by time:
     D:5: 3353 daAuts
     D:3: 2164 daAuts
     D:4: 1634 daAuts
     D:6: 1508 daAuts
     D:2: 1397 daAuts
     D:1: 1082 daAuts
     D:7: 949 daAuts
  Temple: 335 daAuts
